 Dungeon Crawl Stone Soup version 0.29-a0-96-g93358da72b (webtiles) character file.

Game seed: 6263277905408651278

6623 soldano the Cleaver (level 10, -8/135 HPs)
             Began as a Grey Draconian Berserker on Feb 10, 2022.
             Was a Priest of Trog.
             Killed by divine providence
             ... invoked by an orc priest
              (13 damage)
             ... on level 9 of the Dungeon.
             The game lasted 00:42:47 (5968 turns).

soldano the Cleaver (Grey Draconian Berserker)      Turns: 5968, Time: 00:42:49

Health: -8/135     AC: 14    Str: 23    XL:     10   Next: 72%
Magic:  0/10       EV: 14    Int:  9    God:    Trog [***...]
Gold:   520        SH:  0    Dex: 10    Spells: 9/9 levels left

rFire   + . .      SeeInvis .   p - +5 war axe "Ceotz" {freeze, rF+ rN+ rCorr}
rCold   . . .      Faith    .   (no shield)
rNeg    + . .      Spirit   +   (armour unavailable)
rPois   .          Reflect  .   (helmet restricted)
rElec   .          Harm     .   (no cloak)
rCorr   +          Rampage  .   (no gloves)
Will    ++...                   E - +1 pair of boots
Stlth   ..........              n - amulet of guardian spirit
HPRegen 1.32/turn               (no ring)
MPRegen 0.12/turn               (no ring)

@: berserking, lethally poisoned (-8 -> -8), strong-willed, regenerating, very
quick
A: AC +12, amphibious, unfitting armour, cold-blooded
a: Renounce Religion, Berserk, Trog's Hand


You were on level 9 of the Dungeon.
You worshipped Trog.
Trog was most pleased with you.
You visited 1 branch of the dungeon, and saw 9 of its levels.

You collected 520 gold pieces.

Inventory:

Hand Weapons
 a - a +0 falchion
 l - a +2 hand axe of electrocution
 p - the +5 war axe "Ceotz" (weapon) {freeze, rF+ rN+ rCorr}
   (You found it on level 4 of the Dungeon)

   It freezes those it strikes, dealing additional cold damage.
   It can also slow down cold-blooded creatures.
   rF:        It protects you from fire.
   rN:        It protects you from negative energy.
   rCorr:     It protects you from acid and corrosion.
 w - a +6 dire flail of draining
 H - a +4 long sword
Missiles
 F - a throwing net (quivered)
Armour
 c - a +0 helmet
 e - a +0 chain mail
 j - a +0 robe
 z - a +0 pair of boots
 E - a +1 pair of boots (worn)
 J - a +0 barding of stealth
 K - a +0 troll leather armour
 N - +0 acid dragon scales
Magical Staves
 x - a staff of cold
 M - a staff of poison
Jewellery
 n - an amulet of guardian spirit (around neck)
 I - a ring of magical power
 O - a +6 ring of intelligence
 P - an amulet of the acrobat
Wands
 r - a wand of iceblast (11)
 t - a wand of digging (6)
Scrolls
 b - a scroll of fear {unknown}
 f - 2 scrolls of torment {unknown}
 g - 8 scrolls of identify {unknown}
 i - 2 scrolls of amnesia {unknown}
 k - a scroll of acquirement {unknown}
 o - a scroll of noise {unknown}
 s - a scroll of teleportation {unknown}
 u - 4 scrolls of enchant weapon {unknown}
 v - a scroll of enchant armour {unknown}
 y - a scroll of immolation {unknown}
 A - 3 scrolls of magic mapping {unknown}
 D - a scroll of blinking {unknown}
Potions
 d - 4 potions of heal wounds {unknown}
 h - 3 potions of mutation {unknown}
 m - 2 potions of lignification {unknown}
 q - a potion of brilliance {unknown}
 B - a potion of might {unknown}
 C - 2 potions of cancellation {unknown}
 G - a potion of berserk rage {unknown}
Miscellaneous
 L - a condenser vane


   Skills:
 + Level 8.7 Fighting
 + Level 4.5 Long Blades
 + Level 11.7 Axes
 + Level 7.2 Dodging
 + Level 3.4 Stealth


You had 9 spell levels left.
You didn't know any spells.
Your spell library contained the following spells:

 Spells                   Type           Power      Damage    Failure   Level
 Sting                    Tmut/Pois      0%         1d3       38%         1
 Poisonous Vapours        Pois/Air       0%         N/A       52%         2
 Sublimation of Blood     Necr           0%         N/A       52%         2
 Stone Arrow              Conj/Erth      0%         3d7       77%         3
 Animate Dead             Necr           0%         N/A       99%         4
 Iskenderun's Mystic Bla  Conj/Tloc      0%         2d3       99%         4
 Olgreb's Toxic Radiance  Pois           0%         N/A       99%         4
 Summon Ice Beast         Ice/Summ       0%         N/A       99%         4
 Agony                    Necr           0%         N/A       100%        5
 Fireball                 Conj/Fire      0%         3d3       100%        5
 Freezing Cloud           Conj/Ice/Air   0%         6-21      100%        5
 Iskenderun's Battlesphe  Conj           0%         2d6       100%        5
 Metabolic Englaciation   Hex/Ice        0%         N/A       100%        5
 Dispersal                Tloc           0%         N/A       100%        6
 Iron Shot                Conj/Erth      0%         9d1       100%        6
 Starburst                Conj/Fire      0%         6d3       100%        6
 Spellforged Servitor     Conj/Summ      0%         N/A       100%        7
 Death's Door             Necr           0%         N/A       100%        9


Dungeon Overview and Level Annotations

Branches:
Dungeon (9/15)             Temple (0/1) D:5
   Lair: D:8-11         Orc: D:9-12

Altars:
Dithmenos
Uskayaw

Shops:
D:8 (


Innate Abilities, Weirdness & Mutations

Your dull iron-grey scales are very hard. (AC +12)
You are amphibious.
You cannot fit into any form of body armour.
You are cold-blooded and may be slowed by cold attacks.


Message History

You slash something! You freeze something. Trog accepts your kill.
Trog appreciates your killing of a magic user.
Reactivating autopickup.
You feel a bit more experienced.
You feel very sick.
The orc priest mumbles some strange prayers to Beogh against you.
Beogh smites you!
* * * LOW HITPOINT WARNING * * *
An orc comes into view. It is wielding a +0 club.
The orc shouts!
You barely miss the orc. You tail-slap the orc.
The orc is lightly wounded.
You feel very sick. The orc hits you but does no damage.
You completely miss the orc.
The orc is lightly wounded.
You feel very sick.
An orc warrior comes into view. It is wielding a +0 long sword.
You hit the orc. You freeze the orc.
Your tail-slap misses the orc.
The orc is severely wounded.
You feel sick.
An orc comes into view. It is wielding a +0 hand axe.
You hit the orc but do no damage. You tail-slap the orc.
You kill the orc!
Trog accepts your kill.
You feel sick.
The orc priest calls down the wrath of Beogh upon you.
Beogh smites you!
* * * LOW HITPOINT WARNING * * *
Your skin crawls.
You feel strong-willed.
You feel sick.
A red film seems to cover your vision as you go berserk!
You feel yourself moving faster!
You feel mighty!
You feel sick.
The orc warrior hits you but does no damage.
The orc priest closely misses you.
The orc priest invokes the aid of Beogh against you.
Beogh smites you!
You die...

..............................#..
####....######................#..
###### #......#'######..#..
#......#......#..#'#
#......#......#.....
#..################# #..##8##
##############..#...#...
................@)o..o..
#..........#+##)ooo.....
#..........# .......o...
#..........#....#...#...
#..........#######8## 8#
#..............##################
#..............#...........#.....
........#####..#....)......#.....
###.....#...#..'.#######...#.....


You could see 2 orc warriors, 2 orc priests and 2 orcs.

Vanquished Creatures
  3 two-headed ogres
  A gargoyle (D:8)
  3 trolls
  A hornet (D:7)
  Grinder (D:4)
  2 wyverns (D:9)
  A vampire mosquito (D:8)
  A steam dragon (D:8)
  Menkaure (D:6)
  Edmund (D:6)
  An acid dragon (D:9)
  A water moccasin (D:8)
  2 ice beasts (D:7)
  5 orc warriors
  An ogre (D:6)
  A necrophage (D:5)
  2 centaurs
  A phantom (D:7)
  A bullfrog (D:8)
  2 kobold brigands (D:8)
  A scorpion (D:5)
  5 wights (D:9)
  4 howler monkeys (D:8)
  A crimson imp (D:5)
  3 jellies
  2 orc priests (D:9)
  2 hounds (D:6)
  A centaur skeleton (D:6)
  3 gnoll shamans
  9 orc wizards
  A killer bee zombie (D:8)
  13 gnolls
  2 adders
  3 white imps
  A worm (D:3)
  15 orcs
  4 bats
  10 endoplasms
  4 giant cockroaches
  4 hobgoblins
  3 jackals (D:3)
  10 kobolds
  3 quokkas
  7 ball pythons
  4 frilled lizards
  6 goblins
  7 rats
160 creatures vanquished.

Vanquished Creatures (others)
  2 kobolds (D:8)
  5 fungi (D:8)
  4 plants (D:8)
11 creatures vanquished.

Grand Total: 171 creatures vanquished

Notes
Turn   | Place    | Note
-------+----------+-------------------------------------------
     0 | D:1      | soldano the Draconian Berserker began the quest for the
                  | Orb.
     0 | D:1      | Reached XP level 1. HP: 19/19 MP: 1/1
   117 | D:1      | Reached XP level 2. HP: 23/27 MP: 2/2
   562 | D:1      | Reached XP level 3. HP: 20/33 MP: 3/3
   990 | D:2      | Reached ** piety under Trog
  1105 | D:2      | Found a hide-covered altar of Uskayaw.
  1123 | D:2      | Found a faded altar of an unknown god.
  1570 | D:3      | Reached XP level 4. HP: 36/40 MP: 4/4
  1731 | D:3      | Found a shadowy altar of Dithmenos.
  1972 | D:3      | Reached *** piety under Trog
  1973 | D:3      | Reached XP level 5. HP: 29/47 MP: 5/5
  1974 | D:3      | Reached skill level 1 in Axes
  2389 | D:4      | Identified the +5 war axe "Ceotz" {freeze, rF+ rN+ rCorr}
  2393 | D:4      | Noticed Grinder
  2418 | D:4      | Killed Grinder
  2419 | D:4      | Reached skill level 2 in Axes
  2419 | D:4      | Reached skill level 1 in Stealth
  2419 | D:4      | Reached XP level 6. HP: 33/55 MP: 0/6
  2927 | D:5      | Entered Level 5 of the Dungeon
  2998 | D:5      | Got the Disquisition on Earthen Conjuration
  3028 | D:5      | Reached skill level 3 in Axes
  3281 | D:5      | Reached skill level 5 in Fighting
  3449 | D:5      | Found a staircase to the Ecumenical Temple.
  3489 | D:5      | Reached skill level 4 in Axes
  3489 | D:5      | Your scales start taking on a dull iron-grey colour.
  3489 | D:5      | Reached XP level 7. HP: 53/61 MP: 7/7
  3696 | D:6      | Noticed Edmund
  3705 | D:6      | Killed Edmund
  3709 | D:6      | Reached skill level 5 in Axes
  3800 | D:6      | Noticed Menkaure
  3826 | D:6      | Reached XP level 8. HP: 41/70 MP: 6/8
  3836 | D:6      | Killed Menkaure
  3877 | D:6      | Reached skill level 6 in Axes
  3877 | D:6      | Reached skill level 5 in Dodging
  4516 | D:7      | Reached skill level 7 in Axes
  4563 | D:7      | Noticed a hornet
  4567 | D:7      | Paralysed by a hornet for 3 turns
  4572 | D:7      | Killed a hornet
  4825 | D:8      | Noticed a troll
  4826 | D:8      | Reached XP level 9. HP: 73/78 MP: 9/9
  4836 | D:8      | Reached skill level 8 in Axes
  4838 | D:8      | Killed a troll
  4930 | D:8      | Noticed a troll
  4938 | D:8      | Killed a troll
  4942 | D:8      | Reached skill level 9 in Axes
  4955 | D:8      | Noticed a gargoyle
  4973 | D:8      | Killed a gargoyle
  4980 | D:8      | Noticed a two-headed ogre
  4990 | D:8      | Killed a two-headed ogre
  4991 | D:8      | Reached skill level 10 in Axes
  5006 | D:8      | Got the Grimoire of Dislocated Ice
  5007 | D:8      | Got Gloorx Vloq's Guide on Dark Rituals
  5075 | D:8      | Reached XP level 10. HP: 49/88 MP: 10/10
  5126 | D:8      | Found Ilamaemmei's Weapon Shop.
  5778 | D:9      | Noticed a two-headed ogre
  5788 | D:9      | Killed a two-headed ogre
  5789 | D:9      | Reached skill level 11 in Axes
  5817 | D:9      | Noticed a two-headed ogre
  5827 | D:9      | Killed a two-headed ogre
  5966 | D:9      | HP: 4/90 [orc priest/divine providence (9)]
  5968 | D:9      | Killed from afar by an orc priest

Illustrated notes

Levels and vault maps discovered:
D:1:      psy_arrival_radial01, layout_loops_corners,
          nicolae_concentric_dashed_squares_wild, st_stairs_5
D:2:      layout_basic, basic_altar, basic_ecumenical_altar
D:3:      layout_loops_ring, nicolae_dithmenos_shadow_blocks,
          minmay_misc_feat_encased
D:4:      nicolae_cairo_tiling_very_big, layout_layer_cave,
          lemuel_zombie_altar_kikubaaqudgha, gammafunk_ghost_necromancy,
          uniq_grinder
D:5:      layout_rooms, temple_hall, minmay_fire_ice_demons
D:6:      layout_basic, grunt_temple_overflow_lords_of_destruction,
          ebering_ghost_xom, uniq_menkaure, uniq_edmund
D:7:      layout_basic, minmay_statues_item
D:8:      layout_basic, mainiacjoe_overflow_cross_hatched, dpeg_oklobed_lair,
          serial_shops, nicolae_shop_bloodbath_and_beyond, st_stairs_14,
          minmay_the_grid_2x2 [minmay_the_grid_minigrid_medium,
          minmay_the_grid_dragon_a, minmay_the_grid_minigrid_small,
          minmay_the_grid_prize_shrinking_boxes]
D:9:      layout_irregular_city, david_orc_4

Skill      XL: |  1  2  3  4  5  6  7  8  9 10 |
---------------+-------------------------------+-----
Dodging        | 3 4 5 6 7 |  7.2
Fighting       | 4 5 6 7 8 |  8.7
Long Blades    | 4 |  4.5
Axes           | 2 4 5 7 10 11 | 11.7
Stealth        | 1 2 3 |  3.4

Action                   |  1- 3 |  4- 6 |  7- 9 | 10-12 || total
-------------------------+-------+-------+-------+-------++-------
Melee: Falchion          |    78 |    20 |       |       ||    98
       Tailslap          |     9 |     7 |    22 |    10 ||    48
       Hand axe          |       |    44 |       |       ||    44
       War axe           |       |    45 |   131 |    81 ||   257
       Punch             |       |     1 |     1 |     3 ||     5
Invok: Trog's Hand       |       |     2 |     3 |     3 ||     8
       Berserk           |       |       |     2 |     1 ||     3
  Use: Potion            |       |     1 |       |       ||     1
 Stab: Sleeping          |     2 |       |     1 |       ||     3
Armor: Skin              |    29 |    41 |    64 |    34 ||   168
Dodge: Dodged            |    74 |    69 |   112 |    59 ||   314

Table legend: (Time is in decaauts)
 A = Elapsed time spent in this place.
 B = Non-inter-level travel time spent in this place.
 C = Inter-level travel time spent in this place.
 D = Time resting spent in this place.
 E = Time spent auto-exploring this place.
 F = Levels seen in this place.
 G = Mean time per level.
                   A        B        C        D        E       F      G
               +--------+--------+--------+--------+--------+-----+--------+
         Total |   6051 |   6051 |      0 |      0 |      0 |   9 |  672.3 |
       Dungeon |   6051 |   6051 |      0 |      0 |      0 |   9 |  672.3 |
               +--------+--------+--------+--------+--------+-----+--------+

Top non-repeatable levels by time:
     D:1: 983 daAuts
     D:4: 845 daAuts
     D:9: 753 daAuts
     D:7: 748 daAuts
     D:3: 665 daAuts
     D:5: 631 daAuts
     D:6: 515 daAuts
     D:2: 467 daAuts
     D:8: 441 daAuts
